 Dungeon Crawl Stone Soup version 0.19-a0-664-g51fd293 (webtiles) character file.

7943 pisswolf the Basher (level 11, -1/75 HPs)
             Began as a Formicid Fighter on June 15, 2016.
             Was an Elder of Cheibriados.
             Slain by a hill giant
             ... wielding a +0 giant spiked club
              (27 damage)
             ... on level 10 of the Dungeon.
             The game lasted 00:21:35 (10306 turns).

pisswolf the Basher (Formicid Fighter)             Turns: 10306, Time: 00:21:36

Health: -1/75      AC: 14    Str: 31    XL:     11   Next: 46%
Magic:  19/19      EV:  5    Int: 21    God:    Cheibriados [****..]
Gold:   334        SH: 11    Dex: 20    Spells: 0 memorised, 10 levels left

rFire  + . .     SeeInvis +     a - +1 flail (elec)
rCold  + . .     Gourm    .     l - +2 plate armour "Dogol" {rF+ rC+ rCorr Str-5}
rNeg   . . .     Faith    .     c - +0 shield
rPois  .         Spirit   .     (helmet unavailable)
rElec  .         Dismiss  .     (no cloak)
rCorr  +         Reflect  .     z - +0 pair of gloves
SustAt .         Harm     .     (no boots)
MR     ++...                    (no amulet)
Stlth  ..........               p - +5 ring of strength
                                j - ring of protection from magic

@: lethally poisoned (-1 -> -2), very slow, very resistant to hostile
enchantments, extremely unstealthy
A: permanent stasis, dig shafts and tunnels, four strong arms, antennae 3
a: Dig, Shaft Self, Bend Time, Temporal Distortion, Slouch, Renounce Religion


You were on level 10 of the Dungeon.
You worshipped Cheibriados.
Cheibriados was greatly pleased with you.
You were not hungry.

You visited 1 branch of the dungeon, and saw 10 of its levels.

You collected 334 gold pieces.

Inventory:

Hand Weapons
 a - a +1 flail of electrocution (weapon)
Armour
 c - a +0 shield (worn)
 l - the +2 plate armour "Dogol" (worn) {rF+ rC+ rCorr Str-5}
   (You found it on level 4 of the Dungeon)

   It affects your strength (-5).
   It protects you from fire.
   It protects you from cold.
   It protects you from acid and corrosion.
 z - a +0 pair of gloves (worn)
Jewellery
 j - a ring of protection from magic (left hand)
 m - an uncursed ring of poison resistance
 p - a +5 ring of strength (right hand)
 x - a +2 ring of intelligence
Wands
 g - a wand of slowing (13/48)
 q - a wand of random effects (8/48)
Scrolls
 e - 6 scrolls of remove curse
 n - 4 scrolls of noise
 t - a scroll of recharging
 u - a scroll of magic mapping
 y - 2 scrolls of identify
Potions
 b - 2 potions of lignification
 d - a potion of might
 h - 2 potions of heal wounds
 k - 2 potions of agility
 o - 2 potions of brilliance
 s - a potion of curing
 v - a potion of cancellation
 w - a potion of resistance
Comestibles
 f - 8 bread rations
 i - 5 meat rations
 r - a slice of pizza
 A - a beef jerky
 B - 5 chunks of flesh


   Skills:
 - Level 3.2 Fighting
 * Level 13.8 Maces & Flails
 - Level 3.2 Armour
 - Level 3.6 Shields
 + Level 11.1 Invocations


You had 10 spell levels left.
You didn't know any spells.

Dungeon Overview and Level Annotations

Branches:
Dungeon (10/15)            Temple (0/1) D:5             Orc (0/2) D:9
   Lair: D:8-11

Altars:
Ashenzari
Cheibriados
Dithmenos
Fedhas
Kikubaaqudgha
Makhleb
Okawaru
Ru
Sif Muna
Trog
Beogh

Shops:
D:4 *   D:9 }

Annotations:
D:7 splatman's ghost, novice DsNe
D:10 mkbehr's ghost, journeyman TeAE


Innate Abilities, Weirdness & Mutations

You are under a permanent stasis effect.
You can dig through walls and to a lower floor.
Your four strong arms can wield two-handed weapons with a shield.
You have a pair of large antennae on your head. (SInv)


Message History

A hill giant comes into view. It is wielding a giant spiked club.
The hill giant shouts!
The hill giant hits you with a giant spiked club!!
You block the hill giant's attack.
You hit the hill giant but do no damage.
There is a sudden explosion of sparks!
The hill giant is moderately wounded.
The hill giant hits you with a giant spiked club!!
You sock the hill giant!
The hill giant is heavily wounded.
Mkbehr's ghost hits you.
You are poisoned.
You sock the hill giant!
The hill giant is heavily wounded.
You feel sick. The hill giant barely misses you.
You block mkbehr's ghost's attack.
You hit the hill giant.
The hill giant is severely wounded.
The hill giant hits you with a giant spiked club!!
You die...

###.....# .. ..##..# .. ...
##.## #.. .. ....# #..# #..
#. #....# ##.## #.# #.
##.....## ...# #.##.#
##.......## ##.##
#...###.......... #..##
#..###W........# ##...###
###...รท@C.....#.#
...##..###....####....[..#..
...###.....#..# ##.........
....##)..####.# ##........
#.........# #.# #.........
#.....##..# #.. ...........
###.####### #...............
### ##..............
##..........##.


You could see a hill giant and mkbehr's ghost.

Vanquished Creatures
  Gastronok (D:8)
  Harold (D:10)
  A hill giant (D:10)
  A troll (D:9)
  Sigmund (D:4)
  Eustachio (D:5)
  2 yaks (D:10)
  2 hippogriffs (D:9)
  Duvessa (D:4)
  An ice beast (D:8)
  A sky beast (D:8)
  2 orc warriors (D:9)
  2 phantoms
  A centaur (D:8)
  An ogre (D:4)
  16 big kobolds
  A giant frog (D:8)
  Dowan (D:4)
  A wyvern skeleton (D:8)
  4 killer bees (D:9)
  3 scorpions
  9 howler monkeys
  3 crimson imps
  2 centaur zombies
  A giant frog zombie (D:8)
  5 orc priests
  2 hounds (D:9)
  A gnoll shaman (D:8)
  A giant frog skeleton (D:4)
  6 worker ants
  Natasha (thrice) (D:4)
  3 iguanas
  4 orc wizards
  A killer bee zombie (D:9)
  2 worker ant zombies
  8 adders
  6 gnolls
  2 shadow imps
  2 adder skeletons
  An adder zombie (D:8)
  A worm (D:3)
  7 giant geckos
  42 orcs
  5 giant cockroaches
  8 goblins
  6 hobgoblins
  6 jackals
  17 kobolds
  10 quokkas
  2 bats
  5 giant newts
  A quokka skeleton (D:5)
  7 rats
224 creatures vanquished.

Vanquished Creatures (others)
  A wizard (D:4)
1 creature vanquished.

Grand Total: 225 creatures vanquished

Notes
Turn   | Place    | Note
--------------------------------------------------------------
     0 | D:1      | pisswolf the Formicid Fighter began the quest for the Orb.
     0 | D:1      | Reached XP level 1. HP: 18/18 MP: 1/1
   159 | D:1      | Reached XP level 2. HP: 13/24 MP: 2/2
   369 | D:1      | Reached skill level 3 in Maces & Flails
   432 | D:1      | Reached XP level 3. HP: 17/29 MP: 3/3
  1262 | D:2      | Found a burning altar of Makhleb.
  1615 | D:2      | Found a snail-covered altar of Cheibriados.
  1621 | D:2      | Reached XP level 4. HP: 27/35 MP: 4/4
  1622 | D:2      | Reached skill level 4 in Maces & Flails
  1653 | D:2      | Became a worshipper of Cheibriados the Contemplative
  1760 | D:2      | Noticed a hungry ghost
  1959 | D:3      | Found a sacrificial altar of Ru.
  2117 | D:3      | Reached skill level 1 in Invocations
  2117 | D:3      | Reached XP level 5. HP: 30/41 MP: 5/5
  2122 | D:3      | Found an ancient bone altar of Kikubaaqudgha.
  2132 | D:3      | Found a deep blue altar of Sif Muna.
  2450 | D:3      | Reached * piety under Cheibriados
  2483 | D:3      | Reached skill level 5 in Maces & Flails
  2629 | D:3      | Found a shadowy altar of Dithmenos.
  2961 | D:4      | Got a smoking plate armour
  2972 | D:4      | Identified the +2 plate armour "Dogol" {rF+ rC+ rCorr Str-5} (You found it on level 4 of the Dungeon)
  3121 | D:4      | Reached XP level 6. HP: 25/47 MP: 7/7
  3144 | D:4      | Noticed Sigmund
  3474 | D:3      | Reached skill level 6 in Maces & Flails
  3563 | D:3      | Identified Sif Muna's Grimoire of Intoxication
  3852 | D:4      | Killed Sigmund
  3852 | D:4      | Reached XP level 7. HP: 52/52 MP: 9/9
  3913 | D:4      | Found Wesiet's General Store.
  3975 | D:4      | Reached skill level 7 in Maces & Flails
  4134 | D:4      | Found a shattered altar of Ashenzari.
  4134 | D:4      | Found an iron altar of Okawaru.
  4153 | D:4      | Found a bloodstained altar of Trog.
  4156 | D:4      | Noticed a wizard
  4160 | D:4      | Killed a wizard
  4201 | D:4      | Noticed Natasha
  4229 | D:4      | Killed Natasha
  4252 | D:4      | Noticed Natasha
  4253 | D:5      | Entered Level 5 of the Dungeon
  4425 | D:4      | Killed Natasha
  4574 | D:4      | Noticed Natasha
  4589 | D:4      | Killed Natasha
  4589 | D:4      | Reached XP level 8. HP: 45/58 MP: 11/11
  4609 | D:4      | Noticed Duvessa
  4610 | D:4      | Noticed Dowan
  4633 | D:4      | Killed Duvessa
  4649 | D:4      | Killed Dowan
  4649 | D:4      | Reached ** piety under Cheibriados
  4649 | D:4      | Reached skill level 5 in Invocations
  5147 | D:5      | Found a staircase to the Ecumenical Temple.
  5203 | D:5      | Reached skill level 8 in Maces & Flails
  5312 | D:5      | Noticed Eustachio
  5329 | D:5      | Killed Eustachio
  6486 | D:6      | HP: 1/58 [orc warrior/war axe (4)]
  6489 | D:6      | You fall through a shaft for 2 floors!
  6828 | D:7      | Reached *** piety under Cheibriados
  6831 | D:7      | Noticed splatman's ghost (novice DsNe)
  7138 | D:8      | Reached skill level 9 in Maces & Flails
  7138 | D:8      | Reached XP level 9. HP: 62/64 MP: 13/13
  7213 | D:8      | Reached skill level 10 in Maces & Flails
  7332 | D:8      | Reached **** piety under Cheibriados
  7944 | D:8      | Found a blossoming altar of Fedhas.
  8031 | D:8      | Reached skill level 11 in Maces & Flails
  8031 | D:8      | Reached XP level 10. HP: 67/70 MP: 16/16
  8193 | D:8      | Noticed Gastronok
  8204 | D:8      | Killed Gastronok
  8204 | D:8      | Reached skill level 12 in Maces & Flails
  8363 | D:9      | Found Suintemn's Gadget Shoppe.
  8511 | D:9      | Found a roughly hewn altar of Beogh.
  8534 | D:9      | Reached skill level 10 in Invocations
  8995 | D:9      | Found a staircase to the Orcish Mines.
  9275 | D:9      | Reached XP level 11. HP: 65/75 MP: 18/18
  9408 | D:9      | Reached skill level 13 in Maces & Flails
  9702 | D:10     | Entered Level 10 of the Dungeon
  9712 | D:10     | Noticed Harold
  9722 | D:10     | Killed Harold
 10058 | D:10     | Noticed a hill giant
 10062 | D:10     | Killed a hill giant
 10297 | D:10     | Noticed mkbehr's ghost (journeyman TeAE)
 10298 | D:10     | Noticed a hill giant
 10306 | D:10     | Slain by a hill giant

Vault maps used:
D:1:      mushboom_english_gardens, amethyst_killhole, minivault_19,
          minmay_misc_feat_columns, minmay_misc_feat_tiny
D:2:      bloody_makhleb, cheibriados_altar_1, lightli_corner_chamber
D:3:      led_sif_book, nicolae_overflow_hidden_temple, grunt_dithmenos_smoke,
          hangedman_decor_points, minmay_crystal_water, hangedman_ru_absence
D:4:      gammafunk_temple_overflow_wave, serial_shops, shop, trog_wizard,
          uniq_duvessa, uniq_natasha, uniq_sigmund
D:5:      minmay_temple_entry_overgrown, first_bread, uniq_eustachio
D:6:      nicolae_gozag_cash_rules_everything_around_me, tso_metal_star,
          serial_shops, kennysheep_mini
D:7:      basic_altar, serial_shops, nicolae_shop_stone
D:8:      marbit_many_paths, special_room, minmay_item_behind_shaft,
          uniq_gastronok
D:9:      david_orc_5, serial_shops, nicolae_shop_trees,
          kennysheep_generic_room_9
D:10:     serial_shops, shop_statue, uniq_harold

Skill      XL: |  1  2  3  4  5  6  7  8  9 10 11 |
---------------+----------------------------------+-----
Maces & Flails | 3 4 5 6 7 9 11 12 13 | 13.8
Invocations    | 1 2 3 4 6 8 10 11 | 11.1
Fighting       | |  3.2
Armour         | |  3.2
Shields        | |  3.6

Action                   |  1- 3 |  4- 6 |  7- 9 | 10-12 || total
-------------------------+-------+-------+-------+-------++-------
Melee: Flail             |    91 |   198 |   382 |   237 ||   908
Invok: Slouch            |       |       |     1 |     2 ||     3
 Abil: Dig               |       |     4 |     2 |     2 ||     8
       Shaft Self        |       |       |     1 |       ||     1
  Use: Scroll            |       |    11 |    11 |     2 ||    24
       Potion            |       |       |     4 |       ||     4
  Eat: Fruit             |     3 |       |       |       ||     3
       Chunk             |       |     4 |     2 |       ||     6
       Pizza             |       |     1 |       |       ||     1
       Meat ration       |       |       |     1 |       ||     1
       Beef jerky        |       |       |     1 |       ||     1
       Bread ration      |       |       |       |     1 ||     1
Armor: Scale mail        |    38 |    47 |       |       ||    85
       Plate armour      |       |    25 |   223 |    98 ||   346
Dodge: Dodged            |    31 |    50 |    91 |    38 ||   210
Block: Shield            |    53 |   104 |   204 |   102 ||   463
